AA NE
READING FIGHTIN PHILS @ MAHONING VALLEY SCRAPPERS
06/03/2042
 
TOP OF THE 1ST
Reading Fightin Phils batting - Pitching for Mahoning Valley Scrappers : LHP Orlando Marino
Pitching: LHP Orlando Marino
Batting: RHB Jake Allen 0-0: Ball
1-0: SINGLE (Groundball, 4D, EV 96.9 MPH)
Batting: SHB Rod Rouse 0-0: Bunt - Flyout to 13! F1
Batting: RHB Ben Jamison 0-0: Called Strike
0-1: Ball
1-1: Swinging Strike
1-2: Ball
2-2: Strikes out swinging
Batting: RHB Luis Antonio Camberos 0-0: Ball
1-0: Called Strike
1-1: Ball
2-1: Foul Ball, location: 9LSF
2-2: Foul Ball, location: 9LDF
2-2: Foul Ball, location: 9LSF
2-2: Ball
Jake Allen is caught stealing 2nd base 2-4
Top of the 1st over - 0 runs, 1 hit, 0 errors, 0 left on base; Reading 0 - Mahoning Valley 0
BOTTOM OF THE 1ST
Mahoning Valley Scrappers batting - Pitching for Reading Fightin Phils : RHP Billy Turner
Pitching: RHP Billy Turner
Batting: LHB Tony Cuervo 0-0: Ball
1-0: Ball
2-0: Bunt for hit to 5S - play at first, batter safe!
Batting: LHB Marlon Washington 0-0: Ball
Tony Cuervo is caught stealing 2nd base 2-6
1-0: Ball
2-0: Swinging Strike
2-1: Ball
3-1: Ground out 6-3 (Groundball, 6, EV 105.6 MPH)
Batting: RHB Daniel Romero 0-0: Swinging Strike
0-1: Fly out, F9 (Flyball, 9S, EV 96.9 MPH)
Bottom of the 1st over - 0 runs, 1 hit, 0 errors, 0 left on base; Reading 0 - Mahoning Valley 0
TOP OF THE 2ND
Reading Fightin Phils batting - Pitching for Mahoning Valley Scrappers : LHP Orlando Marino
Batting: RHB Luis Antonio Camberos 0-0: Ball
1-0: Called Strike
1-1: SINGLE (Groundball, P, EV 86.9 MPH) (infield hit)
Batting: RHB Rob Graves 0-0: Ball
1-0: Ball
2-0: Called Strike
2-1: Ball
3-1: Base on Balls
Luis Antonio Camberos to second
Batting: RHB Alfredo Rodríguez 0-0: Bunt - Flyout to 5S! F5
Batting: LHB Oscar Williams 0-0: Called Strike
0-1: Ball
1-1: Swinging Strike
1-2: Grounds into double play, 4-6-3 (Groundball, 34, EV 91.3 MPH)
Top of the 2nd over - 0 runs, 1 hit, 0 errors, 1 left on base; Reading 0 - Mahoning Valley 0
BOTTOM OF THE 2ND
Mahoning Valley Scrappers batting - Pitching for Reading Fightin Phils : RHP Billy Turner
Batting: RHB Juan Chávez 0-0: Called Strike
0-1: Fly out, F9 (Flyball, 9, EV 81.9 MPH)
Batting: RHB Esteban Chacón 0-0: Swinging Strike
0-1: Ball
1-1: Swinging Strike
1-2: Ball
2-2: Strikes out swinging
Batting: LHB Steve Leach 0-0: Called Strike
0-1: Called Strike
0-2: Ball
1-2: Foul Ball, location: 5DF
1-2: Foul Ball, location: 7LDF
1-2: Ground out 3-1 (Groundball, 34, EV 88.8 MPH)
Bottom of the 2nd over - 0 runs, 0 hits, 0 errors, 0 left on base; Reading 0 - Mahoning Valley 0
TOP OF THE 3RD
Reading Fightin Phils batting - Pitching for Mahoning Valley Scrappers : LHP Orlando Marino
Batting: RHB Ezra Hethrington 0-0: Called Strike
0-1: Ball
1-1: Bunt for hit to P - play at first, batter OUT! 1-3
Batting: SHB Sean Walker 0-0: Ball
1-0: Swinging Strike
1-1: Swinging Strike
1-2: Strikes out swinging
Batting: RHB Jake Allen 0-0: SINGLE (Groundball, 13S, EV 65.6 MPH) (infield hit)
Batting: SHB Rod Rouse 0-0: Fielders Choice at 2nd, 6-4 (Groundball, 6, EV 108.1 MPH)
Top of the 3rd over - 0 runs, 1 hit, 0 errors, 1 left on base; Reading 0 - Mahoning Valley 0
BOTTOM OF THE 3RD
Mahoning Valley Scrappers batting - Pitching for Reading Fightin Phils : RHP Billy Turner
Batting: RHB Chris Parkinson 0-0: Ball
1-0: Ball
2-0: Ball
3-0: Base on Balls
Batting: SHB Jesús Martínez 0-0: Sac Bunt to 15 - play at first, batter safe!
Chris Parkinson to second
Batting: RHB Reginald Gilleland 0-0: Foul Ball, location: 3SF
0-1: Ball
1-1: Ball
2-1: Bunted foul
2-2: Ball
3-2: Grounds into double play, 4-6-3 (Groundball, 4M, EV 90.6 MPH)
Chris Parkinson to third
Batting: LHB Tony Cuervo 0-0: Ball
1-0: Swinging Strike
1-1: Ball
2-1: Called Strike
2-2: Ball
3-2: Foul Ball, location: 2F
3-2: Base on Balls
Batting: LHB Marlon Washington 0-0: Foul Ball, location: 2F
0-1: Ground out 4-3 (Groundball, 4, EV 83.8 MPH)
Bottom of the 3rd over - 0 runs, 1 hit, 0 errors, 2 left on base; Reading 0 - Mahoning Valley 0
TOP OF THE 4TH
Reading Fightin Phils batting - Pitching for Mahoning Valley Scrappers : LHP Orlando Marino
Batting: RHB Ben Jamison 0-0: Called Strike
0-1: Ball
1-1: Swinging Strike
1-2: Ball
2-2: Ball
3-2: Base on Balls
Batting: RHB Luis Antonio Camberos 0-0: Ball
1-0: Grounds into double play, 4-6-3 (Groundball, 4, EV 96.3 MPH)
Batting: RHB Rob Graves 0-0: Foul Ball, location: 2F
0-1: Ball
1-1: Foul Ball, location: 2F
1-2: Foul Ball, location: 2F
1-2: Ball
2-2: Foul Ball, location: 9LSF
2-2: Foul Ball, location: 2LF
2-2: Ball
3-2: Strikes out looking
Top of the 4th over - 0 runs, 0 hits, 0 errors, 0 left on base; Reading 0 - Mahoning Valley 0
BOTTOM OF THE 4TH
Mahoning Valley Scrappers batting - Pitching for Reading Fightin Phils : RHP Billy Turner
Batting: RHB Daniel Romero 0-0: Called Strike
0-1: Ball
1-1: Ball
2-1: Foul Ball, location: 2F
2-2: Fly out, F3 (Popup, 3SF, EV 70.0 MPH)
Batting: RHB Juan Chávez 0-0: Called Strike
0-1: Ball
1-1: Foul Ball, location: 2F
1-2: Strikes out swinging
Batting: RHB Esteban Chacón 0-0: Ball
1-0: SOLO HOME RUN (Line Drive, 7D, EV 101.3 MPH), Distance : 377 ft
Batting: LHB Steve Leach 0-0: Called Strike
0-1: Swinging Strike
0-2: Fly out, F8 (Flyball, 8LD, EV 96.9 MPH)
Bottom of the 4th over - 1 run, 1 hit, 0 errors, 0 left on base; Reading 0 - Mahoning Valley 1
TOP OF THE 5TH
Reading Fightin Phils batting - Pitching for Mahoning Valley Scrappers : LHP Orlando Marino
Batting: RHB Alfredo Rodríguez 0-0: Ball
1-0: Ball
2-0: Ball
3-0: Base on Balls
Batting: LHB Oscar Williams 0-0: Ball
1-0: Sac Bunt to 2R - play at first, batter OUT! 2-3
Alfredo Rodríguez to second
Batting: RHB Ezra Hethrington 0-0: Ball
1-0: SINGLE (Line Drive, 34, EV 106.9 MPH)
Alfredo Rodríguez to third
Batting: SHB Sean Walker Pickoff Throw to First - Error! E1
Alfredo Rodríguez scores
Ezra Hethrington to second
0-0: Hit by Pitch
Batting: RHB Jake Allen 0-0: Swinging Strike
0-1: Fielders Choice at 2nd, 4-6 (Groundball, 34, EV 97.5 MPH)
Ezra Hethrington to third
Batting: SHB Rod Rouse 0-0: Called Strike
0-1: DOUBLE (Groundball, 3L, EV 105.0 MPH)
Ezra Hethrington scores
Jake Allen to third
Batting: RHB Ben Jamison 0-0: Swinging Strike
0-1: Called Strike
0-2: Strikes out swinging
Top of the 5th over - 2 runs, 2 hits, 1 error, 2 left on base; Reading 2 - Mahoning Valley 1
BOTTOM OF THE 5TH
Mahoning Valley Scrappers batting - Pitching for Reading Fightin Phils : RHP Billy Turner
Batting: RHB Chris Parkinson 0-0: Called Strike
0-1: Ground out 6-3 (Groundball, 6, EV 86.3 MPH)
Batting: SHB Jesús Martínez 0-0: Called Strike
0-1: Ball
1-1: Ball
2-1: Ball
3-1: Base on Balls
Batting: RHB Reginald Gilleland 0-0: Called Strike
0-1: Called Strike
0-2: Ball
1-2: Strikes out swinging
Batting: LHB Tony Cuervo 0-0: Ball
1-0: Ball
2-0: Ball
3-0: Called Strike
3-1: Ground out 4-3 (Groundball, 34, EV 86.3 MPH)
Bottom of the 5th over - 0 runs, 0 hits, 0 errors, 1 left on base; Reading 2 - Mahoning Valley 1
TOP OF THE 6TH
Reading Fightin Phils batting - Pitching for Mahoning Valley Scrappers : LHP Orlando Marino
Batting: RHB Luis Antonio Camberos 0-0: Hit by Pitch
Batting: RHB Rob Graves 0-0: Called Strike
0-1: Foul Ball, location: 2F
0-2: Ball
1-2: Foul Ball, location: 2F
1-2: Ball
2-2: Ball
3-2: SINGLE (Groundball, 6MD, EV 94.4 MPH)
Luis Antonio Camberos to second
Batting: RHB Alfredo Rodríguez 0-0: Called Strike
0-1: Ball
1-1: Ball
2-1: Sac Bunt to 25 - play at first, batter OUT! 5-3
Luis Antonio Camberos to third
Rob Graves to second
Batting: LHB Oscar Williams 0-0: Called Strike
0-1: Ball
1-1: Ball
2-1: Foul Ball, location: 2F
2-2: Foul Ball, location: 2RF
2-2: Ball
3-2: Foul Ball, location: 2F
3-2: Fly out, F8 (Flyball, 8RD, EV 108.1 MPH)
Runner from 3rd tags up, SCORES, throw by CF
Rob Graves to third
Pitching: RHP Chad Crowder
Batting: RHB Ezra Hethrington 0-0: Ball
1-0: SINGLE (Line Drive, 9S, EV 103.1 MPH)
Rob Graves scores
Batting: SHB Sean Walker 0-0: Called Strike
Ezra Hethrington steals 2nd base
0-1: Ground out 5-3 (Groundball, 5L, EV 93.8 MPH)
Top of the 6th over - 2 runs, 2 hits, 0 errors, 1 left on base; Reading 4 - Mahoning Valley 1
BOTTOM OF THE 6TH
Mahoning Valley Scrappers batting - Pitching for Reading Fightin Phils : RHP Billy Turner
Batting: LHB Marlon Washington 0-0: Swinging Strike
0-1: Swinging Strike
0-2: Ball
1-2: Ball
2-2: Strikes out swinging
Batting: RHB Daniel Romero 0-0: Ball
1-0: Swinging Strike
1-1: Foul Ball, location: 9LMF
1-2: Strikes out swinging
Batting: RHB Juan Chávez 0-0: Ball
1-0: SINGLE (Line Drive, 9S, EV 90.0 MPH)
Batting: RHB Esteban Chacón 0-0: Called Strike
0-1: Ball
1-1: Called Strike
1-2: Ball
2-2: Ball
3-2: Fly out, F9 (Line Drive, 9, EV 84.4 MPH)
Bottom of the 6th over - 0 runs, 1 hit, 0 errors, 1 left on base; Reading 4 - Mahoning Valley 1
TOP OF THE 7TH
Reading Fightin Phils batting - Pitching for Mahoning Valley Scrappers : RHP Chad Crowder
Batting: RHB Jake Allen 0-0: Foul Ball, location: 2F
0-1: Ball
1-1: Fly out, F8 (Line Drive, 8LM, EV 96.3 MPH)
Batting: SHB Rod Rouse 0-0: Ball
1-0: Foul Ball, location: 2F
1-1: Ball
2-1: Swinging Strike
2-2: Strikes out swinging
Batting: RHB Ben Jamison 0-0: Called Strike
0-1: Ground out 4-3 (Groundball, 34D, EV 94.4 MPH)
Top of the 7th over - 0 runs, 0 hits, 0 errors, 0 left on base; Reading 4 - Mahoning Valley 1
BOTTOM OF THE 7TH
Mahoning Valley Scrappers batting - Pitching for Reading Fightin Phils : RHP Billy Turner
Batting: LHB Steve Leach 0-0: Fly out, F7 (Flyball, 7D, EV 101.3 MPH)
Batting: RHB Chris Parkinson 0-0: Ground out 5-3 (Groundball, 56S, EV 95.0 MPH)
Batting: SHB Jesús Martínez 0-0: Called Strike
0-1: Ball
1-1: Fly out, F8 (Flyball, 8RD, EV 98.8 MPH)
Bottom of the 7th over - 0 runs, 0 hits, 0 errors, 0 left on base; Reading 4 - Mahoning Valley 1
TOP OF THE 8TH
Reading Fightin Phils batting - Pitching for Mahoning Valley Scrappers : RHP Chad Crowder
Batting: RHB Luis Antonio Camberos 0-0: Ball
1-0: Ground out 6-3 (Groundball, 6M, EV 87.5 MPH)
Batting: RHB Rob Graves 0-0: Ball
1-0: Swinging Strike
1-1: Foul Ball, location: 5SF
1-2: Foul Ball, location: 5FF
1-2: Strikes out swinging
Batting: RHB Alfredo Rodríguez 0-0: Ball
1-0: Ball
2-0: Foul Ball, location: 2F
2-1: Called Strike
2-2: Strikes out swinging
Top of the 8th over - 0 runs, 0 hits, 0 errors, 0 left on base; Reading 4 - Mahoning Valley 1
BOTTOM OF THE 8TH
Mahoning Valley Scrappers batting - Pitching for Reading Fightin Phils : RHP Billy Turner
Batting: RHB Reginald Gilleland 0-0: Ball
1-0: Ball
2-0: Called Strike
2-1: Called Strike
2-2: Fly out, F7 (Flyball, 7S, EV 97.5 MPH)
Batting: LHB Tony Cuervo 0-0: Ball
1-0: Swinging Strike
1-1: Ball
2-1: Ball
3-1: Base on Balls
Pitching: LHP Dana Archuleta
Batting: LHB Marlon Washington 0-0: Ball
1-0: Ball
2-0: Ball
3-0: Called Strike
3-1: Called Strike
3-2: Base on Balls
Tony Cuervo to second
Pitching: RHP Pancho Baca
Batting: RHB Daniel Romero 0-0: Swinging Strike
0-1: Called Strike
0-2: Ball
1-2: Strikes out swinging
Batting: RHB Juan Chávez 0-0: Called Strike
0-1: Ball
1-1: Ball
2-1: Called Strike
2-2: Foul Ball, location: 25FF
2-2: Ball
3-2: Ground out 5-3 (Groundball, 56, EV 80.6 MPH)
Bottom of the 8th over - 0 runs, 0 hits, 0 errors, 2 left on base; Reading 4 - Mahoning Valley 1
TOP OF THE 9TH
Reading Fightin Phils batting - Pitching for Mahoning Valley Scrappers : RHP Chad Crowder
Batting: LHB Oscar Williams 0-0: Called Strike
0-1: Called Strike
0-2: Ball
1-2: Ball
2-2: Ground out 6-3 (Groundball, 6, EV 84.4 MPH)
Batting: RHB Ezra Hethrington 0-0: Called Strike
0-1: Ball
1-1: Ground out 4-3 (Groundball, 4, EV 84.4 MPH)
Batting: SHB Sean Walker 0-0: Called Strike
0-1: Fly out, F8 (Flyball, 8LD, EV 95.6 MPH)
Top of the 9th over - 0 runs, 0 hits, 0 errors, 0 left on base; Reading 4 - Mahoning Valley 1
BOTTOM OF THE 9TH
Mahoning Valley Scrappers batting - Pitching for Reading Fightin Phils : RHP Pancho Baca
Pitching: RHP Danny Miller
Batting: RHB Esteban Chacón 0-0: Ball
1-0: Fly out, F8 (Flyball, 8RD, EV 97.5 MPH)
Batting: LHB Steve Leach 0-0: Ball
1-0: Foul Ball, location: 7LDF
1-1: Ball
2-1: Ball
3-1: Swinging Strike
3-2: Strikes out swinging
Batting: RHB Chris Parkinson 0-0: Called Strike
0-1: SINGLE (Groundball, 34D, EV 100.6 MPH)
Batting: SHB Jesús Martínez 0-0: Ball
1-0: Foul Ball, location: 25F
1-1: Ball
2-1: Ball
3-1: Base on Balls
Chris Parkinson to second
Batting: RHB Reginald Gilleland 0-0: Fly out, F8 (Flyball, 8RM, EV 89.4 MPH)
Bottom of the 9th over - 0 runs, 1 hit, 0 errors, 2 left on base; Reading 4 - Mahoning Valley 1
Friday, May 3rd , 2024 - OOTP Baseball 24.10 Build 82